 Dungeon Crawl Stone Soup version 0.29.1-1-gd02db6906a (webtiles) character file.

Game seed: 12324888911665151648

5737 hawla the Thaumaturge (level 10, -1/53 HPs)
             Began as a Deep Elf Fire Elementalist on Sept 28, 2022.
             Was a Follower of Vehumet.
             Slain by a shadow (12 damage)
             ... on level 10 of the Dungeon.
             The game lasted 00:32:27 (10777 turns).

hawla the Thaumaturge (Deep Elf Fire Elementalist) Turns: 10777, Time: 00:32:28

Health: -1/53      AC:  7    Str:  5    XL:     10   Next: 49%
Magic:  19/27      EV: 14    Int: 28    God:    Vehumet [*.....]
Gold:   341        SH:  0    Dex: 15    Spells: 16/31 levels left

rFire   . . .      SeeInvis .   F - +1 long sword (vamp)
rCold   + . .      Faith    .   (no shield)
rNeg    . . .      Spirit   .   a - +0 robe
rPois   .          Reflect  .   k - +1 helmet {Int+3}
rElec   .          Harm     .   (no cloak)
rCorr   .          Rampage  .   w - +2 pair of gloves
Will    +....                   (no boots)
Stlth   +++.......              (no amulet)
HPRegen 0.17/turn               f - ring of protection from cold
MPRegen 0.20/turn               q - +4 ring of slaying

@: no status effects
A: claws 1, MP-powered wands
a: Renounce Religion


You were on level 10 of the Dungeon.
You worshipped Vehumet.
Vehumet was aware of your devotion.
You visited 2 branches of the dungeon, and saw 11 of its levels.

You collected 679 gold pieces.
You spent 338 gold pieces at shops.

Inventory:

Hand Weapons
 g - a +4 dagger of draining
 j - the +4 short sword of Joepil {holy, rElec Will- Dex+5}
   (You bought it in a shop on level 3 of the Dungeon)

   It has been blessed by the Shining One to cause great damage to the undead
   and demons.
   Dex:       It affects your dexterity (+5).
   rElec:     It insulates you from electricity.
   Will:      It decreases your willpower.
 F - a +1 vampiric long sword (weapon)
Missiles
 h - a curare-tipped dart (quivered)
 u - a throwing net
 x - 13 poisoned darts
Armour
 a - a +0 robe (worn)
 k - a +1 helmet of intelligence (worn)
 w - a +2 pair of gloves (worn)
 z - a +0 buckler
Jewellery
 f - a ring of protection from cold (left hand)
 l - a ring of willpower
 q - a +4 ring of slaying (right hand)
 y - a +6 ring of strength
Wands
 m - a wand of paralysis (5)
 t - a wand of iceblast (13)
 D - a wand of light (4)
 E - a wand of flame (10)
Scrolls
 o - 2 scrolls of amnesia
 s - a scroll of teleportation
 v - 2 scrolls of magic mapping
Potions
 b - a potion of magic
 c - a potion of ambrosia
 d - 2 potions of haste
 i - a potion of berserk rage
 n - a potion of flight
 r - 2 potions of resistance
 C - a potion of might
Miscellaneous
 A - a condenser vane


   Skills:
 - Level 2.2 Fighting
 - Level 4.7 Short Blades
 - Level 5.2 Dodging
 - Level 3.7 Stealth
 - Level 11.2 Spellcasting
 - Level 6.2 Conjurations
 * Level 2.3 Necromancy
 * Level 2.0 Transmutations
 - Level 10.7 Fire Magic


You had 16 spell levels left.
You knew the following spells:

 Your Spells              Type           Power      Damage    Failure   Level
a - Foxfire               Conj/Fire      100%       2x1d9     1%          1
b - Scorch                Fire           100%       2d10      1%          2
c - Flame Wave            Conj/Fire      58%        2d14      1%          4
d - Necromutation         Tmut/Necr      14%        N/A       100%        8

Your spell library contained the following spells:

 Spells                   Type           Power      Damage    Failure   Level
 Magic Dart               Conj           100%       1d8       1%          1
 Conjure Flame            Conj/Fire      58%        6-21      1%          3
 Inner Flame              Hex/Fire       45%        N/A       1%          3
 Summon Small Mammal      Summ           60%        N/A       3%          1
 Call Canine Familiar     Summ           15%        N/A       11%         3
 Summon Guardian Golem    Hex/Summ       15%        N/A       11%         3
 Borgnjor's Revivificati  Necr           14%        N/A       100%        8
 Death's Door             Necr           14%        N/A       100%        9


Dungeon Overview and Level Annotations

Branches:
Dungeon (10/15)            Temple (1/1) D:6             Orc (0/2) D:9
   Lair: D:8-11

Altars:
Ashenzari
Cheibriados
Dithmenos
Elyvilon
Fedhas
Gozag
Hepliaklqana
Kikubaaqudgha
Makhleb
Nemelex Xobeh
Okawaru
Qazlal
Ru
Sif Muna
Trog
Uskayaw
Vehumet
Wu Jian
Xom
Yredelemnul
Zin
The Shining One

Shops:
D:2 !:?=   D:3 (   D:6 [:!

Annotations:
D:6 1 runed translucent door, turdburglar's ghost, novice MiGl
D:10 Josephine; Maggie


Innate Abilities, Weirdness & Mutations

You have sharp fingernails.
You expend magic power (3 MP) to strengthen your wands.


Message History

The yak barely misses you. The water moccasin closely misses you.
The bullfrog barely misses you.
Maggie mumbles the words to a spell, but in the wrong order.
The bullfrog hits you but does no damage.
The yak gores you!
* * * LOW HITPOINT WARNING * * *
You feel better. The bullfrog barely misses you. The water moccasin bites you.
* * * LOW HITPOINT WARNING * * *
The bullfrog hits you.
* * * LOW HITPOINT WARNING * * *
The water moccasin bites you but does no damage.
The bullfrog misses you. The yak gores you but does no damage.
The acid dragon barely misses you. x2; The bullfrog closely misses you.
You feel better.
Your surroundings suddenly seem different.
A bullfrog comes into view.
Found a falchion and a +6 ring of strength.
The bullfrog moves out of view.
A shadow comes into view.
You feel yourself speed up.
Casting: Flame Wave (dangerous; 1% risk of failure)
Confirm with . or Enter, or press ? or * to list all spells.
You conjure some foxfire!
The shadow slips into darkness.
The shadow flickers and vanishes!
Deactivating autopickup; reactivate with Ctrl-A.
Casting: Foxfire (safe; 1% risk of failure)
Confirm with . or Enter, or press ? or * to list all spells.
You conjure some foxfire!
The foxfire hits something.
The foxfire hits something but does no damage.
Casting: Foxfire (safe; 1% risk of failure)
Confirm with . or Enter, or press ? or * to list all spells.
Flames lash something.
The foxfire hits something but does no damage.
The foxfire hits something.
Casting: Scorch (safe; 1% risk of failure)
Confirm with . or Enter, or press ? or * to list all spells.
Flames lash something.
The shadow strikes at you from the darkness!
You die...

#........P.
....
#......P...
...
+.........=
+..........
#..........
#........#.
#.......... .
##..........
...
#.@.....)...
...
##ยง.........
..#
##........#
.# ###...##..
..... .
#..... .....
...


There were no monsters in sight!

Vanquished Creatures
  A two-headed ogre (D:9)
  Pikel (D:7)
  A cyclops (D:8)
  A hornet (D:7)
  Sigmund (D:5)
  A vampire (D:9)
  A yak (D:10)
  Edmund (D:5)
  3 wargs (D:9)
  3 water moccasins
  2 orc warriors
  2 ice beasts
  3 ogres
  A centaur (D:8)
  2 phantoms
  3 lemures (D:7)
  4 bullfrogs
  2 kobold brigands
  A gnoll sergeant (D:9)
  2 necrophages
  3 scorpions
  6 wights
  4 howler monkeys
  A lava snake (D:8)
  2 jellies
  2 gnoll boudas
  2 orc priests
  2 hounds
  3 iguanas
  6 orc wizards
  A hound skeleton (D:5)
  Robin (D:3)
  11 gnolls
  3 adders
  A shadow imp (D:6)
  2 white imps (D:6)
  An ufetubus (D:6)
  A worm (D:2)
  A dart slug (D:4)
  28 orcs
  3 bats
  2 endoplasms (D:4)
  A giant cockroach (D:3)
  5 hobgoblins
  9 kobolds
  5 quokkas
  7 ball pythons
  4 frilled lizards
  10 goblins
  2 rats (D:2)
165 creatures vanquished.

Vanquished Creatures (others)
  An orc wizard (D:5)
  166 foxfires
  23 fungi (D:10)
  32 plants
222 creatures vanquished.

Grand Total: 387 creatures vanquished

Notes
Turn   | Place    | Note
-------+----------+-------------------------------------------
     0 | D:1      | hawla the Deep Elf Fire Elementalist began the quest for
                  | the Orb.
     0 | D:1      | Reached XP level 1. HP: 10/10 MP: 6/6
   478 | D:1      | Reached XP level 2. HP: 15/15 MP: 8/8
   481 | D:1      | Learned a level 2 spell: Scorch
   698 | D:2      | Identified the +3 leather armour "Gecefodu" {*Corrode rN+
                  | Int+3}
   715 | D:2      | Found Dirituq's Jewellery Shop.
   768 | D:2      | Identified the +4 ring mail of Conscience {rF++ Will- Int-4
                  | Dex+10}
   922 | D:2      | Found Zefeummo's Distillery.
   975 | D:2      | Found Gomoc's Book Shoppe.
  1007 | D:2      | Found Wufaox's Magic Scroll Emporium.
  1413 | D:3      | Reached XP level 3. HP: 7/19 MP: 0/10
  1495 | D:3      | Gained mutation: You expend magic power (3 MP) to
                  | strengthen your wands. [potion of mutation]
  1495 | D:3      | Gained mutation: You have sharp fingernails. [potion of
                  | mutation]
  2024 | D:3      | Found an iron altar of Okawaru.
  2069 | D:3      | Found Lakheth's Antique Weapon Shop.
  2083 | D:3      | Found a glowing golden altar of the Shining One.
  2118 | D:3      | Found an ancient bone altar of Kikubaaqudgha.
  2139 | D:3      | Reached XP level 4. HP: 24/24 MP: 8/11
  2141 | D:3      | Noticed Robin
  2149 | D:3      | Killed Robin
  2361 | D:3      | Found a faded altar of an unknown god.
  2653 | D:4      | Noticed a water moccasin
  2659 | D:4      | Killed a water moccasin
  2660 | D:4      | Reached skill level 1 in Short Blades
  2660 | D:4      | Reached skill level 4 in Spellcasting
  2660 | D:4      | Reached skill level 5 in Fire Magic
  2660 | D:4      | Reached XP level 5. HP: 14/28 MP: 3/13
  2699 | D:3      | Learned a level 4 spell: Flame Wave
  2740 | D:3      | Bought a fine short sword for 200 gold pieces
  2740 | D:3      | Identified the +4 short sword of Joepil {holy, rElec Will-
                  | Dex+5} (You bought it in a shop on level 3 of the Dungeon)
  3169 | D:4      | Reached XP level 6. HP: 18/32 MP: 11/14
  3457 | D:4      | Found a shadowy altar of Dithmenos.
  3762 | D:5      | Entered Level 5 of the Dungeon
  4065 | D:5      | Reached XP level 7. HP: 28/36 MP: 8/16
  4235 | D:5      | Noticed Sigmund
  4243 | D:5      | Killed Sigmund
  4244 | D:5      | Reached skill level 5 in Spellcasting
  4314 | D:5      | Noticed Edmund
  4319 | D:5      | Killed Edmund
  4594 | D:5      | Reached skill level 6 in Spellcasting
  4594 | D:5      | Reached XP level 8. HP: 41/41 MP: 11/19
  4750 | D:5      | Found a burning altar of Makhleb.
  5356 | D:6      | Found Irghidu's Armour Boutique.
  5359 | D:6      | Bought a +0 helmet of intelligence for 138 gold pieces
  5638 | D:6      | Found Ipigydos's Book Shop.
  5761 | D:6      | Reached skill level 7 in Spellcasting
  6099 | D:6      | Found a runed translucent door.
  6104 | D:6      | Noticed turdburglar's ghost (novice MiGl)
  6123 | D:6      | Reached skill level 1 in Fighting
  6123 | D:6      | Reached skill level 5 in Conjurations
  6353 | D:6      | Found a staircase to the Ecumenical Temple.
  6373 | Temple   | Entered the Ecumenical Temple
  6538 | Temple   | Became a worshipper of Vehumet
  6675 | D:6      | Reached skill level 8 in Spellcasting
  6722 | D:6      | Found Futeh's Distillery.
  7049 | D:7      | Noticed Pikel
  7050 | D:7      | Reached XP level 9. HP: 24/44 MP: 16/23
  7728 | D:7      | Killed Pikel
  7729 | D:7      | Reached skill level 9 in Spellcasting
  8947 | D:8      | Noticed a cyclops
  8993 | D:8      | Killed a cyclops
  8994 | D:8      | Reached skill level 10 in Spellcasting
  8994 | D:8      | Reached skill level 10 in Fire Magic
  9144 | D:8      | Reached XP level 10. HP: 53/53 MP: 22/26
  9446 | D:8      | Reached * piety under Vehumet
  9446 | D:8      | Offered knowledge of Magic Dart by Vehumet.
  9854 | D:9      | Noticed a two-headed ogre
  9860 | D:9      | Killed a two-headed ogre
  9861 | D:9      | Reached skill level 5 in Dodging
 10214 | D:9      | Found a staircase to the Orcish Mines.
 10219 | D:9      | Reached skill level 11 in Spellcasting
 10454 | D:9      | Learned a level 8 spell: Necromutation
 10503 | D:10     | Entered Level 10 of the Dungeon
 10518 | D:10     | Reached skill level 1 in Necromancy
 10519 | D:10     | Noticed Maggie
 10522 | D:10     | Noticed Josephine
 10600 | D:9      | Reached skill level 1 in Transmutations
 10764 | D:10     | HP: 2/53 [bullfrog (4)]
 10777 | D:10     | Slain by a shadow

Illustrated notes

Levels and vault maps discovered:
D:1:      ebering_trefoil_twist, layout_basic
D:2:      layout_loops_cross, serial_shops, shop, shop, nicolae_shop_trees,
          nicolae_shop_trees, minmay_misc_feat_hallway
D:3:      wad_lake_hut, layout_basic, mainiacjoe_overflow_surrounded_room,
          mainiacjoe_overflow_catch_the_wave, basic_ecumenical_altar,
          serial_shops, shop_fountains, minivault_25, uniq_robin
D:4:      layout_loops_ring, lemuel_round_altar
D:5:      layout_loops_cross, makhleb_blood_cavern_becter, corexii_checkpoint_a,
          grunt_ministairs_9, sigmund_edmund_badplayer
D:6:      layout_rooms, minmay_temple_entry_sparse_star, serial_shops,
          shop_fountains, shop, nicolae_shop_hallway_stairs,
          ebering_ghost_sewer_d, grunt_ministairs_6, nicolae_eternal_life
D:7:      layout_basic, uniq_pikel
D:8:      layout_basic, nicolae_lava_and_water
D:9:      layout_roguey, minmay_orc_entry_guard_dogs, st_stairs_2
D:10:     layout_cave_pools, due_lair_maze_entry_diamond, kennysheep_cross_room,
          uniq_josephine, uniq_maggie
Temple:   minmay_crystal_spiral_temple

Skill      XL: |  1  2  3  4  5  6  7  8  9 10 |
---------------+-------------------------------+-----
Stealth        | 3 |  3.7
Fire Magic     | 4 5 6 7 9 10 | 10.7
Short Blades   | 1 2 4 |  4.7
Spellcasting   | 4 6 8 10 11 | 11.2
Conjurations   | 2 3 4 5 6 |  6.2
Dodging        | 3 4 5 |  5.2
Fighting       | 1 2 |  2.2
Necromancy     | 2 |  2.3
Transmutations | 2 |  2.0

Action                   |  1- 3 |  4- 6 |  7- 9 | 10-12 || total
-------------------------+-------+-------+-------+-------++-------
Melee: Dagger            |     8 |    24 |    36 |     4 ||    72
       Short sword       |       |     6 |    41 |     2 ||    49
       Punch             |       |       |     1 |     1 ||     2
       Long sword        |       |       |       |     3 ||     3
Throw: Dart              |       |       |     1 |       ||     1
       Throwing net      |       |       |     1 |       ||     1
 Cast: Foxfire           |    34 |    17 |    34 |    12 ||    97
       Scorch            |     5 |    12 |    47 |     9 ||    73
       Flame Wave        |       |     2 |    18 |    10 ||    30
Evoke: Wand              |       |       |     3 |     3 ||     6
  Use: Scroll            |     5 |     6 |     6 |     4 ||    21
       Potion            |     1 |       |     3 |     7 ||    11
 Stab: Sleeping          |     2 |     2 |     1 |     1 ||     6
       Distracted        |       |       |     1 |       ||     1
       Paralysed         |       |       |     2 |     2 ||     4
Armor: Robe              |     2 |    17 |    20 |    18 ||    57
       Skin              |       |       |    33 |       ||    33
Dodge: Dodged            |     6 |    18 |    73 |    50 ||   147
